 Dungeon Crawl Stone Soup version 0.26.1-10-gdfb7c7de75 (webtiles) character file.

Game seed: 1911019115013012807

86 sankara the Ruffian (level 4, -1/36 HPs)
             Began as a Minotaur Transmuter on Apr 2, 2021.
             Slain by an orc wizard
             ... wielding a +0 dagger
              (4 damage)
             ... on level 3 of the Dungeon.
             The game lasted 00:05:05 (3105 turns).

sankara the Ruffian (Minotaur Transmuter)           Turns: 3105, Time: 00:05:05

Health: -1/36      AC:  3    Str: 14    XL:     4   Next: 27%
Magic:  4/5        EV: 12    Int: 11    God:
Gold:   54         SH:  0    Dex: 11    Spells: 3/6 levels left

rFire    . . .     SeeInvis .     - Unarmed
rCold    . . .     Faith    .   (no shield)
rNeg     . . .     Spirit   .   a - +0 robe
rPois    .         Reflect  .   (helmet restricted)
rElec    .         Harm     .   (no cloak)
rCorr    .         Rampage  .   f - +0 pair of gloves
Will     .....                  (no boots)
Stlth    +.........             (no amulet)
HPRegen  0.12/turn              (no ring)
MPRegen  0.09/turn              (no ring)

@: wereblooded (expiring), slowed, very slow
A: retaliatory headbutt, horns 2
a: no special abilities


You were on level 3 of the Dungeon.
You visited 1 branch of the dungeon, and saw 3 of its levels.

You collected 54 gold pieces.

Inventory:

Hand Weapons
 m - a +0 hunting sling
Missiles
 d - 91 stones (quivered)
 h - 54 sling bullets
Armour
 a - a +0 robe (worn)
 f - a +0 pair of gloves (worn)
 s - a +0 scale mail
 t - a +0 leather armour
Jewellery
 o - a +6 ring of dexterity {unknown}
 p - an uncursed amulet of regeneration
Scrolls
 b - 6 scrolls of remove curse {unknown}
 g - 5 scrolls of identify {unknown}
 j - 2 scrolls of teleportation {unknown}
 k - a scroll of enchant armour {unknown}
 l - a scroll of random uselessness {unknown}
Potions
 c - a potion of cancellation {unknown}
 e - 2 potions of brilliance {unknown}
 i - 2 potions of resistance {unknown}
 n - 2 potions of might {unknown}
 q - a potion of haste {unknown}
 r - a potion of berserk rage {unknown}


   Skills:
 + Level 2.1 Fighting
 + Level 2.7 Dodging
 * Level 4.1 Unarmed Combat
 + Level 1.6 Spellcasting
 * Level 2.5 Transmutations


You had 3 spell levels left.
You knew the following spells:

 Your Spells              Type           Power        Failure   Level
a - Beastly Appendage     Tmut           12%          11%         1
b - Wereblood             Tmut           6%           16%         2

Your spell library contained the following spells:

 Spells                   Type           Power        Failure   Level
 Spider Form              Tmut/Pois      1%           47%         3
 Ice Form                 Ice/Tmut       3%           87%         4
 Blade Hands              Tmut           3%           96%         5


Dungeon Overview and Level Annotations

Branches:
Dungeon (3/15)

Altars:
Cheibriados
Sif Muna
Xom


Innate Abilities, Weirdness & Mutations

You reflexively headbutt those who attack you in melee.
You have a pair of horns on your head.


Message History

You howl as the wereblood boils in your veins!
Things that are here:
a +0 club; a goblin corpse Your primal bloodlust is almost over.
The orc wizard closely misses you.
The orc wizard hits you but does no damage.
You closely miss the orc wizard. Your headbutt misses the orc wizard.
You howl as the wereblood boils in your veins!
The orc wizard hits you with a +0 dagger!
You hit the orc wizard but do no damage.
You headbutt the orc wizard.
The orc wizard is lightly wounded.
The orc wizard points at you and mumbles some strange words.
The magic dart hits you!
* * * LOW HITPOINT WARNING * * *
The orc wizard closely misses you.
You barely miss the orc wizard. Your headbutt misses the orc wizard.
The orc wizard is lightly wounded.
The orc wizard hits you with a +0 dagger.
You die...

...# ### # #.#######
.. #. .......# .#
##.###.##....###.##.#
......#............#
#..##............. ##.
#.........####.#.. ...
#o†###....## .# . #..
#@#.###.#..#. . #..
#)##....#....# #o
#..######.#.......#..#
..
#....)...)###..#....#
o #...##....#
#..##.#... #...#######
#..# .###.. ##...##
#..# .# ... ##.....##
#..# .# .. #.......#
#..#


You could see an orc wizard.

Vanquished Creatures
  A gnoll (D:1)
  3 adders
  2 worms (D:2)
  A dart slug (D:2)
  A leopard gecko (D:3)
  3 orcs (D:3)
  6 bats
  3 giant cockroaches
  2 goblins
  3 hobgoblins
  3 quokkas
  A ball python (D:3)
  2 frilled lizards
  4 kobolds
  5 rats
40 creatures vanquished.

Notes
Turn   | Place    | Note
-------+----------+-------------------------------------------
     0 | D:1      | sankara the Minotaur Transmuter began the quest for the
                  | Orb.
     0 | D:1      | Reached XP level 1. HP: 16/16 MP: 1/1
   389 | D:1      | Reached XP level 2. HP: 23/23 MP: 0/3
   395 | D:1      | Learned a level 2 spell: Wereblood
  1773 | D:2      | Reached XP level 3. HP: 29/29 MP: 4/4
  1837 | D:2      | Found a snail-covered altar of Cheibriados.
  2277 | D:2      | Found a shimmering blue altar of Sif Muna.
  2277 | D:2      | Found a shimmering altar of Xom.
  2744 | D:3      | Reached skill level 4 in Unarmed Combat
  2934 | D:3      | Reached XP level 4. HP: 34/36 MP: 3/5
  3105 | D:3      | Slain by an orc wizard

Illustrated notes

Levels and vault maps discovered:
D:1:      dpeg_arrival_tiny_d, layout_basic
D:2:      layout_loops_ring, kennysheep_slug_shrine,
          gammafunk_temple_overflow_pools, minmay_misc_feat_iff
D:3:      layout_loops_ring, general_overflow_altar, ebering_ghost_disaster_area

Skill      XL: |  1  2  3 |
---------------+----------+-----
Transmutations | 2 |  2.5
Fighting       | 2 |  2.1
Unarmed Combat | 4 |  4.1
Dodging        | |  2.7
Spellcasting   | |  1.6

Action                   |  1- 3 |  4- 6 || total
-------------------------+-------+-------++-------
Melee: Unarmed           |    77 |    18 ||    95
       Kick              |    11 |       ||    11
       Headbutt          |     8 |     3 ||    11
Throw: Stone             |    19 |       ||    19
 Cast: Beastly Appendage |    29 |     2 ||    31
       Wereblood         |       |     1 ||     1
 Stab: Sleeping          |     1 |       ||     1
Armor: Robe              |    10 |     3 ||    13
Dodge: Dodged            |    42 |    11 ||    53
